 Dungeon Crawl Stone Soup version 0.29.0-13-gc9e81de378 (webtiles) character file.

Game seed: 5822809699621609389

128 Sabo the Magician (level 4, -1/24 HPs)
             Began as a Deep Elf Air Elementalist on Sept 10, 2022.
             Was an Initiate of Gozag.
             Splashed by a jelly's acid (2 damage)
             ... on level 2 of the Dungeon.
             The game lasted 00:16:28 (3363 turns).

Sabo the Magician (Deep Elf Air Elementalist)       Turns: 3363, Time: 00:16:29

Health: -1/24      AC:  2    Str:  5    XL:     4   Next: 86%
Magic:  2/12       EV: 13    Int: 22    God:    Gozag
Gold:   267        SH:  0    Dex: 15    Spells: 10/11 levels left

rFire   . . .      SeeInvis .   f - +2 dagger (drain)
rCold   . . .      Faith    .   (no shield)
rNeg    . . .      Spirit   .   a - +0 robe
rPois   +          Reflect  .   (no helmet)
rElec   .          Harm     .   (no cloak)
rCorr   .          Rampage  .   (no gloves)
Will    .....                   (no boots)
Stlth   ++........              (no amulet)
HPRegen 0.08/turn               n - ring of poison resistance
MPRegen 0.13/turn               (no ring)

@: no status effects
A: no striking features
a: Renounce Religion, Potion Petition, Call Merchant, Bribe Branch


You were on level 2 of the Dungeon.
You worshipped Gozag.
Gozag was aware of your devotion.
You visited 1 branch of the dungeon, and saw 2 of its levels.

You collected 267 gold pieces.

Inventory:

Hand Weapons
 e - a +0 short sword
 f - a +2 dagger of draining (weapon)
 r - a +0 long sword
Missiles
 h - 2 poisoned darts (quivered)
 k - 5 javelins
Armour
 a - a +0 robe (worn)
Jewellery
 n - a ring of poison resistance (left hand)
Scrolls
 c - a scroll of teleportation {unknown}
 j - a scroll of enchant armour {unknown}
 l - a scroll of blinking {unknown}
 m - 2 scrolls of identify {unknown}
 p - a scroll of poison {unknown}
 q - a scroll of enchant weapon {unknown}
Potions
 b - a potion of magic
 d - a potion of ambrosia {unknown}
 g - a potion of degeneration {unknown}
 i - a potion of might {unknown}
 o - a potion of brilliance {unknown}


   Skills:
 + Level 2.8 Dodging
 + Level 3.2 Stealth
 + Level 4.2 Spellcasting
 + Level 2.5 Conjurations
 + Level 4.0 Air Magic


You had 10 spell levels left.
You knew the following spells:

 Your Spells              Type           Power      Damage    Failure   Level
a - Shock                 Conj/Air       76%        1d7       2%          1

Your spell library contained the following spells:

 Spells                   Type           Power      Damage    Failure   Level
 Static Discharge         Conj/Air       19%        3-6/arc   4%          2
 Swiftness                Air            22%        N/A       6%          3
 Necrotise                Necr           16%        1d4       11%         1
 Airstrike                Air            11%        2d(2-18)  21%         4
 Vampiric Draining        Necr           4%         2d6       32%         3
 Agony                    Necr           4%         N/A       97%         5


Dungeon Overview and Level Annotations

Branches:
Dungeon (2/15)

Altars:
Gozag


Message History

Press: ? - help, Shift-Dir - straight line, f/p - endoplasm
Aim: an endoplasm (almost dead, 98% to hit)
The zap hits the endoplasm.
You kill the endoplasm!
Casting: Shock (safe; 2% risk of failure)
Confirm with . or Enter, or press ? or * to list all spells.
Aiming: Shock (safe; 2% risk of failure)
Press: ? - help, Shift-Dir - straight line, f - jelly
Aim: a jelly (100% to hit)
The zap hits the jelly.
The jelly is moderately wounded.
The jelly closely misses you.
Casting: Shock (safe; 2% risk of failure)
Confirm with . or Enter, or press ? or * to list all spells.
Aiming: Shock (safe; 2% risk of failure)
Press: ? - help, Shift-Dir - straight line, f/p - jelly
Aim: a jelly (moderately wounded, 100% to hit)
The zap hits the jelly.
The jelly is moderately wounded.
The jelly hits you.
You are splashed with acid!
Casting: Shock (safe; 2% risk of failure)
Confirm with . or Enter, or press ? or * to list all spells.
Aiming: Shock (safe; 2% risk of failure)
Press: ? - help, Shift-Dir - straight line, f/p - jelly
Aim: a jelly (moderately wounded, 100% to hit)
The zap hits the jelly.
The jelly is heavily wounded.
The jelly closely misses you.
You hit the jelly.
Your hands burn!
* * * LOW HITPOINT WARNING * * *
The jelly is severely wounded.
The jelly jiggles.
The jelly closely misses you.
You hit the jelly but do no damage.
Your hands burn!
* * * LOW HITPOINT WARNING * * *
The jelly is severely wounded.
The jelly barely misses you.
You hit the jelly.
Your hands burn!
You die...
Your body crumbles into a pile of gold.

###### #..........
### ####..##### $
##.#########..#
#.#.#....####.#
#.#.#.....##..#
#.#'#)))..)'..#
#.#....)...'..#
#.#......).'.##
#@#.......##.#
..รท...J##......#####
...$$.# ########
######


You could see a jelly.

Vanquished Creatures
  A jelly (D:2)
  2 adders (D:2)
  2 worms (D:2)
  4 dart slugs (D:1)
  12 endoplasms
  2 giant cockroaches (D:1)
  3 goblins
  3 hobgoblins
  6 jackals
  11 kobolds
  A quokka (D:1)
  4 ball pythons
  2 bats
  4 frilled lizards
  6 rats
63 creatures vanquished.

Vanquished Creatures (others)
  A fungus (D:2)
  8 toadstools (D:2)
9 creatures vanquished.

Grand Total: 72 creatures vanquished

Notes
Turn   | Place    | Note
-------+----------+-------------------------------------------
     0 | D:1      | Sabo the Deep Elf Air Elementalist began the quest for the
                  | Orb.
     0 | D:1      | Reached XP level 1. HP: 10/10 MP: 6/6
   262 | D:1      | Reached XP level 2. HP: 15/15 MP: 2/8
  1282 | D:1      | Reached XP level 3. HP: 19/19 MP: 5/9
  2211 | D:2      | Found a faded altar of an unknown god.
  2289 | D:2      | Prayed at the altar of an unknown god.
  2289 | D:2      | Became a worshipper of Gozag Ym Sagoz the Greedy
  2624 | D:2      | Reached XP level 4. HP: 8/24 MP: 5/11
  3362 | D:2      | HP: 1/24 [acid (4)]
  3363 | D:2      | Splashed by a jelly's acid

Illustrated notes

Levels and vault maps discovered:
D:1:      lightli_arrival_lavapool, layout_basic, grunt_decor_arrowhead
D:2:      cheibrodos_fertilizer, layout_basic, nicolae_ecumenical_pavilion,
          serial_shops, nicolae_shop_hallway_stairs

Skill      XL: |  1  2  3  4 |
---------------+-------------+-----
Stealth        | 3 |  3.2
Conjurations   | 2 |  2.5
Spellcasting   | 4 |  4.2
Air Magic      | 4 |  4.0
Dodging        | |  2.8

Action                   |  1- 3 |  4- 6 || total
-------------------------+-------+-------++-------
Melee: Unarmed           |    15 |       ||    15
       Dagger            |    15 |    13 ||    28
 Cast: Shock             |    78 |    35 ||   113
 Stab: Sleeping          |       |     1 ||     1
Armor: Robe              |     1 |     6 ||     7
Dodge: Dodged            |    21 |    13 ||    34
